 Dungeon Crawl Stone Soup version 0.30-a0-719-gcc4359ea44 (webtiles) character file.

Game seed: 6431701434207129012

21623 Newt the Protected (level 12, -1/101 HPs)
             Began as a Demonspawn Gladiator on Jan 26, 2023.
             Was an Elder of Makhleb.
             Slain by a water moccasin (3 damage)
             ... on level 2 of the Lair of Beasts.
             The game lasted 00:18:43 (9963 turns).

Newt the Protected (Demonspawn Gladiator)           Turns: 9963, Time: 00:18:44

Health: -1/101     AC: 15    Str: 19    XL:     12   Next: 55%
Magic:  19/19      EV: 18    Int: 22    God:    Makhleb [****..]
Gold:   176        SH:  0    Dex: 21    Spells: 10/11 levels left

rFire   x . .      SeeInvis +    N - +3 triple sword "Yjiugroewk" {spect, *Noise rF- Int+9 SInv}
rCold   . . .      Faith    .    (shield currently unavailable)
rNeg    . . .      Spirit   .    O - +1 ring mail of Rapnef {rElec}
rPois   .          Reflect  .    (helmet unavailable)
rElec   +          Harm     .    h - +0 cloak
rCorr   .          Rampage  .    d - +0 pair of gloves
Will    .....                    F - +1 pair of boots
Stlth   ++                       A - amulet "Vuvyul" {Regen+ Int+3}
HPRegen 1.16/turn                u - +6 ring of dexterity
MPRegen 0.32/turn                U - +5 ring of evasion

@: lethally poisoned (-1 -> -9), marked, frozen, very slow
A: antennae 3, rugged brown scales 2, magic regeneration
a: Renounce Religion, Minor Destruction, Lesser Servant of Makhleb, Major
Destruction


You were on level 2 of the Lair of Beasts.
You worshipped Makhleb.
Makhleb was greatly pleased with you.
You visited 3 branches of the dungeon, and saw 12 of its levels.
You also visited: Sewer.

You collected 536 gold pieces.
You spent 360 gold pieces at shops.

Inventory:

Hand Weapons
 a - a +0 rapier of freezing
 m - a +3 dagger of electrocution
 G - the +7 rapier "Cakithreso" {flame, +Blink rC+++ Int-5 Stlth-}
   (You found it on level 9 of the Dungeon)

   Int:       It affects your intelligence (-5).
   rC:        It renders you almost immune to cold.
   +Blink:    It lets you blink.
   Stlth:     It makes you less stealthy.
 N - the +3 triple sword "Yjiugroewk" (weapon) {spect, *Noise rF- Int+9 SInv}
   (You bought it in a shop on level 1 of the Dungeon)

   Int:       It affects your intelligence (+9).
   rF:        It makes you vulnerable to fire.
   SInv:      It lets you see invisible.
   *Noise:    It may make noises in combat.
Missiles
 e - a javelin
 k - 4 boomerangs
 l - 34 poisoned darts (quivered)
 r - 4 curare-tipped darts
Armour
 b - a +0 leather armour
 c - a +0 helmet
 d - a +0 pair of gloves (worn)
 g - a scarf of shadows
 h - a +0 cloak (worn)
 p - a +1 scale mail of cold resistance
 F - a +1 pair of boots (worn)
 J - an orb of guile
 O - the +1 ring mail of Rapnef (worn) {rElec}
   (You found it on level 7 of the Dungeon)

   rElec:     It insulates you from electricity.
Jewellery
 t - an amulet of reflection
 u - a +6 ring of dexterity (left hand)
 v - a ring of ice
 A - the amulet "Vuvyul" (around neck) {Regen+ Int+3}
   (You found it on level 5 of the Dungeon)

   [amulet of regeneration]

   Int:       It affects your intelligence (+3).
   Regen:     It increases your rate of health regeneration.
 K - a ring of protection from cold
 L - a ring of fire
 U - a +5 ring of evasion (right hand)
Wands
 o - a wand of paralysis (11)
 M - a wand of flame (1)
 S - a wand of digging (2)
 T - a wand of iceblast (5)
Scrolls
 n - 3 scrolls of magic mapping
 y - 4 scrolls of vulnerability
 B - 2 scrolls of brand weapon
 Q - a scroll of fog
 R - a scroll of enchant weapon
Potions
 f - 3 potions of ambrosia
 i - a potion of invisibility
 j - 5 potions of curing
 q - 2 potions of magic
 s - 5 potions of brilliance
 w - a potion of lignification
 x - 2 potions of degeneration
 z - a potion of berserk rage
 D - a potion of resistance
 E - 2 potions of haste
 H - a potion of might
 I - a potion of mutation


   Skills:
 + Level 9.9 Fighting
 - Level 4.0(6.7) Short Blades
 - Level 8.5(9.0) Long Blades
 - Level 5.0 Throwing
 - Level 10.0 Armour
 - Level 4.0 Dodging
 - Level 2.0 Stealth
 - Level 10.0 Invocations
 - Level 5.0 Evocations


You had 10 spell levels left.
You knew the following spells:

 Your Spells              Type           Power      Damage    Failure   Level
a - Summon Small Mammal   Summ           0%         N/A       26%         1

Your spell library contained the following spells:

 Spells                   Type           Power      Damage    Failure   Level
 Blink                    Tloc           0%         N/A       36%         2
 Lesser Beckoning         Tloc           0%         N/A       36%         2
 Momentum Strike          Conj/Tloc      0%         3d8       36%         2
 Call Canine Familiar     Summ           0%         N/A       61%         3
 Dazzling Flash           Conj/Hex       0%         N/A       61%         3
 Ignite Poison            Fire/Tmut/Pois 0%         N/A       61%         3
 Inner Flame              Hex/Fire       0%         N/A       61%         3
 Kindle Blastsparks       Fire/Tloc/Air  0%         2d10      61%         3
 Summon Guardian Golem    Hex/Summ       0%         N/A       61%         3
 Cause Fear               Hex            0%         N/A       95%         4
 Agony                    Necr           0%         N/A       100%        5
 Freezing Cloud           Conj/Ice/Air   0%         6-21      100%        5
 Silence                  Hex/Air        0%         N/A       100%        5
 Discord                  Hex            0%         N/A       100%        8


Dungeon Overview and Level Annotations

Branches:
Dungeon (9/15)             Temple (1/1) D:5            Lair (2/5) D:9
  Snake (0/4) Lair:2        Sewer (visited)
  Swamp: Lair:2-3    Shoals: Lair:2-3       Orc: D:9-12

Altars:
Ashenzari
Cheibriados
Dithmenos
Fedhas
Hepliaklqana
Kikubaaqudgha
Makhleb
Nemelex Xobeh
Okawaru
Qazlal
Ru
Sif Muna
Trog
Vehumet
Wu Jian
Xom
Yredelemnul

Shops:
D:1 (   D:3 (

Annotations:
Lair:1 Sonja
Lair:2 3 runed translucent doors, ragingrage's ghost, adept TeCj


Innate Abilities, Weirdness & Mutations

You have a pair of large antennae on your head. (SInv)
You are mostly covered in rugged brown scales. (AC +2, +5% HP)
You regenerate magic rapidly.


Message History

You are too injured to fight recklessly!
Unknown command.
You hit the black mamba but do no damage.
The black mamba is almost dead.
Your +3 triple sword "Yjiugroewk" {spect, *Noise rF- Int+9 SInv} misses the black mamba.
You feel very sick. The black mamba closely misses you.
The water moccasin bites you but does no damage.
A blink frog comes into view.
The blink frog barely misses you.
The blink frog blinks!
The black mamba barely misses you.
The water moccasin bites you but does no damage.
The blink frog barely misses you.
Unknown command.
You barely miss the black mamba.
The black mamba is almost dead.
Your +3 triple sword "Yjiugroewk" {spect, *Noise rF- Int+9 SInv} barely misses the black mamba.
You feel very sick. The black mamba misses you.
The black mamba barely misses you.
The water moccasin completely misses you.
The blink frog hits you but does no damage.
The black mamba closely misses you. The water moccasin bites you.
You are more poisoned.
The water moccasin poisons you!
Unknown command.
You miss the black mamba.
The black mamba is almost dead.
Your +3 triple sword "Yjiugroewk" {spect, *Noise rF- Int+9 SInv} hits the black mamba!!!
You kill the black mamba!
Makhleb accepts your kill.
You feel better. The ice encasing you melts away.
You feel very sick. The rime drake breathes ice at you.
The icy flash freeze hits you!!
* * * LOW HITPOINT WARNING * * *
You are encased in ice.
The water moccasin bites you but does no damage.
The cane toad misses you. The water moccasin bites you.
You die...

,,,*** ###.....## ,,,,,*
#.....######** * ,,,,,*
#.....##.#.#.* *****
,,,,*****####......#.....****,,,,
,,,,,,,>*....#.....+ZZ.(#*,,,,,,,
,,,,,,,,,...#......+Z..[.*,,,,,,,
,,,,,,,,,..........+ZZ.$#*,,,,,,,
,,,,,,,,,......F(..#ZZ...*,,,,,,,
,,,,,,,,,......S@..#W#.#.*,,,,,,,
,,,,,,,**..##..F.#######**,,,,,,,
,,,,,,*,,....#..k#** *,,,,,,,,,,
,,*,,*,,,....F#...,* **,*,,,,,,,
*****,,**.#...#...** *********,
*****,**,.F..,#...# **
*,,,,,,,...,,....#**
***,,*,,...,,.#..#,****
*,,,,,⌠,⌠,*,,,**,⌠,*,*


You could see 3 spectral komodo dragons, 2 spectral five-headed hydras, a
spectral fire crab, a cane toad, 3 blink frogs, a rime drake (catching breath),
a water moccasin, ragingrage's ghost, a four-headed hydra simulacrum and a
friendly +3 triple sword "Yjiugroewk" {spect, *Noise rF- Int+9 SInv} (summoned).

Vanquished Creatures
  The ghost of lotum the Severer, a novice HOBe of Trog (D:9)
  2 two-headed ogres
  Amaemon (D:8)
  The ghost of SkeletonJelly the Cleaver, a novice DsCK of Xom (D:8)
  2 vault sentinels (D:7)
  A black mamba (Lair:2)
  2 cane toads (Lair:1)
  An orange demon (D:8)
  Maggie (D:7)
  A troll (D:7)
  Grinder (D:5)
  Prince Ribbit (D:7)
  Sigmund (D:2)
  22 yaks
  A wyvern (D:9)
  2 steam dragons
  2 humans (D:8)
  3 water moccasins (Lair:1)
  3 ice beasts
  3 orc warriors
  A sky beast (D:7)
  A black bear (D:6)
  5 wolves
  2 phantoms
  2 kobold brigands (Sewer)
  2 gnoll sergeants (D:8)
  3 bullfrogs
  3 necrophages
  4 scorpions
  8 wights (D:7)
  14 killer bees
  3 howler monkeys
  A hound (D:6)
  2 jellies
  Crazy Yiuf (D:2)
  An iron imp (D:6)
  4 orc priests
  Jessica (D:2)
  Terence (D:2)
  6 iguanas
  12 orc wizards
  11 gnolls
  2 adders
  2 shadow imps
  6 white imps
  An ufetubus (D:4)
  3 dart slugs
  38 orcs
  10 bats
  4 endoplasms
  12 giant cockroaches
  5 goblins
  6 hobgoblins
  5 jackals
  6 quokkas
  9 ball pythons
  2 frilled lizards (D:3)
  2 goblin skeletons (D:6)
  2 hobgoblin zombies (D:6)
  18 kobolds
  A kobold skeleton (D:6)
  A kobold zombie (D:6)
  An orc skeleton (D:6)
  3 rats
279 creatures vanquished.

Vanquished Creatures (others)
  3 fungi
  3 plants (Lair:2)
6 creatures vanquished.

Grand Total: 285 creatures vanquished

Notes
Turn   | Place    | Note
-------+----------+-------------------------------------------
     0 | D:1      | Newt the Demonspawn Gladiator began the quest for the Orb.
     0 | D:1      | Reached XP level 1. HP: 16/16 MP: 1/1
   142 | D:1      | Reached skill level 1 in Stealth
   283 | D:1      | Gained mutation: You have a pair of small antennae on your
                  | head. [demonic ancestry]
   283 | D:1      | Reached XP level 2. HP: 18/22 MP: 2/2
   888 | D:1      | Found Guxarph's Antique Weapon Shoppe.
  1226 | D:2      | Reached XP level 3. HP: 28/28 MP: 3/3
  1310 | D:2      | Noticed Jessica
  1339 | D:2      | Killed Jessica
  1340 | D:2      | Gained mutation: You are partially covered in rugged brown
                  | scales. (AC +1, +3% HP) [demonic ancestry]
  1340 | D:2      | Reached XP level 4. HP: 10/38 MP: 4/4
  1767 | D:2      | Noticed Terence
  1768 | D:2      | Noticed Sigmund
  2003 | D:2      | Killed Sigmund
  2004 | D:2      | Reached XP level 5. HP: 39/43 MP: 5/5
  2012 | D:2      | Killed Terence
  2578 | D:2      | Found a runed translucent door.
  2579 | D:2      | Noticed Crazy Yiuf
  2642 | D:2      | Killed Crazy Yiuf
  2643 | D:2      | Gained mutation: You are mostly covered in rugged brown
                  | scales. (AC +2, +5% HP) [demonic ancestry]
  2643 | D:2      | Reached XP level 6. HP: 15/50 MP: 6/6
  3146 | D:3      | Found Onacke Yrra's Weapon Boutique.
  3996 | D:4      | Noticed an ice beast
  4014 | D:4      | Killed an ice beast
  4110 | D:4      | Gained mutation: You have a pair of antennae on your head.
                  | [demonic ancestry]
  4110 | D:4      | Reached XP level 7. HP: 52/56 MP: 7/7
  4542 | D:5      | Entered Level 5 of the Dungeon
  4591 | D:5      | Reached skill level 5 in Throwing
  4627 | D:5      | Noticed Grinder
  4637 | D:5      | Paralysed by Grinder for 2 turns
  4645 | D:5      | Killed Grinder
  4646 | D:5      | Reached skill level 5 in Fighting
  4713 | D:5      | Found a staircase to the Ecumenical Temple.
  4755 | Temple   | Entered the Ecumenical Temple
  4930 | Temple   | Became a worshipper of Makhleb the Destroyer
  4991 | D:5      | Found a shadowy altar of Dithmenos.
  5008 | D:5      | Identified the amulet "Vuvyul" {Regen+ Int+3}
  5171 | D:5      | Reached XP level 8. HP: 63/67 MP: 8/8
  5225 | D:5      | Found a shimmering blue altar of Sif Muna.
  5225 | D:5      | Found a sparkling altar of Nemelex Xobeh.
  5428 | D:6      | Reached skill level 1 in Armour
  5650 | D:6      | Found a glowing drain.
  5654 | Sewer    | Entered a sewer
  5768 | Sewer    | Reached * piety under Makhleb
  5769 | Sewer    | Reached skill level 1 in Long Blades
  6728 | D:7      | Found a blossoming altar of Fedhas.
  6742 | D:7      | Noticed Maggie
  6762 | D:7      | Killed Maggie
  6763 | D:7      | Gained mutation: You have a pair of large antennae on your
                  | head. (SInv) [demonic ancestry]
  6763 | D:7      | Reached XP level 9. HP: 52/72 MP: 9/9
  6765 | D:7      | Reached skill level 5 in Evocations
  6946 | D:1      | Bought a crystal triple sword for 360 gold pieces
  6946 | D:1      | Identified the +3 triple sword "Yjiugroewk" {spect, *Noise
                  | rF- Int+9 SInv} (You bought it in a shop on level 1 of the
                  | Dungeon)
  7072 | D:7      | Noticed Prince Ribbit
  7079 | D:7      | Killed Prince Ribbit
  7087 | D:7      | Identified the +1 ring mail of Rapnef {rElec}
  7193 | D:7      | Reached ** piety under Makhleb
  7262 | D:7      | Reached skill level 5 in Invocations
  7359 | D:7      | Found a broken altar of Ashenzari.
  7402 | D:7      | Noticed a vault sentinel
  7402 | D:7      | Noticed a vault sentinel
  7409 | D:7      | Killed a vault sentinel
  7410 | D:7      | Reached skill level 5 in Long Blades
  7413 | D:7      | Killed a vault sentinel
  7415 | D:7      | Found the +18 shield of the Gong {Loud rElec rN+ Will+
                  | EV-5}
  7582 | D:7      | Found a radiant altar of Vehumet.
  7679 | D:7      | Gained mutation: You regenerate magic rapidly. [demonic
                  | ancestry]
  7679 | D:7      | Reached XP level 10. HP: 33/79 MP: 13/13
  7818 | D:7      | Learned a level 1 spell: Summon Small Mammal
  8098 | D:8      | Noticed an orange demon
  8103 | D:8      | Killed an orange demon
  8109 | D:8      | Noticed a two-headed ogre
  8110 | D:8      | Noticed Amaemon
  8280 | D:7      | Killed a two-headed ogre
  8287 | D:7      | Reached *** piety under Makhleb
  8419 | D:8      | Killed Amaemon
  8475 | D:8      | Noticed SkeletonJelly's ghost (novice DsCK)
  8518 | D:8      | Reached skill level 5 in Armour
  8518 | D:8      | Reached XP level 11. HP: 93/93 MP: 14/14
  8527 | D:8      | Found a runed translucent gate.
  8527 | D:8      | Found a runed translucent gate.
  8527 | D:8      | Found a runed translucent gate.
  8673 | D:8      | Reached XP level 12. HP: 99/99 MP: 15/15
  8742 | D:8      | Found an iron altar of Okawaru.
  8750 | D:8      | Reached skill level 10 in Armour
  8897 | D:8      | Killed SkeletonJelly's ghost
  9013 | D:9      | Found a staircase to the Lair.
  9030 | D:9      | Identified the +7 rapier "Cakithreso" {flame, +Blink rC+++
                  | Int-5 Stlth-}
  9071 | D:9      | Reached **** piety under Makhleb
  9489 | D:9      | Found a runed translucent door.
  9489 | D:9      | Noticed lotum's ghost (novice HOBe)
  9489 | D:9      | Noticed a two-headed ogre
  9497 | D:9      | Killed a two-headed ogre
  9502 | D:9      | Killed lotum's ghost
  9675 | Lair:1   | Entered Level 1 of the Lair of Beasts
  9706 | Lair:1   | Reached skill level 10 in Invocations
  9816 | Lair:1   | Noticed Sonja
  9946 | Lair:2   | Found a runed translucent gate.
  9947 | Lair:2   | Found a runed translucent gate.
  9948 | Lair:2   | Found a runed translucent gate.
  9951 | Lair:2   | Noticed ragingrage's ghost (adept TeCj)
  9963 | Lair:2   | HP: 2/101 [rime drake/icy flash freeze (35)]
  9963 | Lair:2   | Slain by a water moccasin

Illustrated notes

Levels and vault maps discovered:
D:1:      minmay_arrival_diagonal_passages, layout_basic, serial_shops,
          nicolae_shop_behind_doors
D:2:      layout_loops_ring, uniq_sigmund, uniq_crazy_yiuf_cottage,
          uniq_jessica, uniq_terence
D:3:      layout_loops_ring, elyvilon_altar_3, serial_shops,
          nicolae_shop_bloodbath_and_beyond
D:4:      layout_basic
D:5:      layout_rooms, mainiacjoe_overflow_catwalk,
          gammafunk_temple_overflow_wave, minmay_temple_entry_enclosed_plants,
          minmay_checkerbox, uniq_grinder
D:6:      layout_basic, nicolae_tso_besieged_by_evil, gup_sewer_entry_bowl
D:7:      layout_loops_ring, fedhas_altar_2,
          mainiacjoe_overflow_concentric_impassable, marbit_many_paths,
          glass_columns_a, hellmonk_guarded_unrand_gong, uniq_prince_ribbit1,
          uniq_maggie
D:8:      layout_rooms, okawaru_humans, gammafunk_ghost_icy, uniq_amaemon
D:9:      layout_basic, dpeg_oklobed_lair, ebering_ghost_inner_flame,
          chequers_decorated_corner
Temple:   chequers_temple_sunken
Lair:1:   layout_cave_shapes, grunt_megastairs_1, infiniplex_staircase_pool,
          uniq_sonja
Lair:2:   layout_hall_layers, minmay_snake_entry_guardpost_small,
          gammafunk_ghost_necromancy, lightli_volcano_entry_magma_tube,
          cheibrodos_lair_caveside_slide, grunt_megastairs_2, lemuel_fruit_tree,
          serial_bayou_shore_b

Skill      XL: |  1  2  3  4  5  6  7  8  9 10 11 12 |
---------------+-------------------------------------+-----
Stealth        | 1 2 |  2.0
Fighting       | 3 4 6 9 |  9.9
Short Blades   | 4 |  4.0
Dodging        | 3 4 |  4.0
Throwing       | 3 5 |  5.0
Armour         | 4 5 9 10 | 10.0
Long Blades    | 3 6 8 |  8.5
Evocations     | 4 5 |  5.0
Invocations    | 5 10 | 10.0

Action                     |  1- 3 |  4- 6 |  7- 9 | 10-12 || total
---------------------------+-------+-------+-------+-------++-------
  Melee: Rapier            |   112 |     1 |       |       ||   113
         Dagger            |       |   182 |   261 |       ||   443
         Punch             |       |     7 |     2 |       ||     9
         Triple sword      |       |       |    45 |   194 ||   239
  Throw: Throwing net      |     6 |     1 |       |       ||     7
         Javelin           |     1 |     1 |       |       ||     2
         Dart              |       |     4 |    20 |       ||    24
    Use: Scroll            |     3 |     8 |    10 |     5 ||    26
         Potion            |       |     3 |     3 |     5 ||    11
   Stab: Sleeping          |     4 |     3 |     3 |       ||    10
         Held in net/web   |     1 |     1 |       |       ||     2
         Distracted        |       |       |       |     3 ||     3
         Invisible         |       |       |       |     1 ||     1
 Armour: Leather armour    |    41 |    42 |    62 |       ||   145
         Ring mail         |       |       |    39 |   140 ||   179
  Dodge: Dodged            |    97 |    96 |   193 |   342 ||   728
  Block: Other             |       |    16 |     9 |       ||    25

Table legend: (Time is in decaauts)
 A = Elapsed time spent in this place.
 B = Non-inter-level travel time spent in this place.
 C = Inter-level travel time spent in this place.
 D = Time resting spent in this place.
 E = Time spent auto-exploring this place.
 F = Levels seen in this place.
 G = Mean time per level.
                   A        B        C        D        E       F      G
               +--------+--------+--------+--------+--------+-----+--------+
         Total |  10054 |   9437 |    617 |   1677 |   5597 |  13 |  773.4 |
       Dungeon |   9203 |   8632 |    571 |   1637 |   5135 |   9 | 1022.6 |
        Temple |    246 |    200 |     46 |      0 |    193 |   1 |  246.0 |
          Lair |    310 |    310 |      0 |     40 |    103 |   2 |  155.0 |
         Sewer |    293 |    293 |      0 |      0 |    165 |   1 |  293.0 |
               +--------+--------+--------+--------+--------+-----+--------+

Top non-repeatable levels by time:
     D:7: 1503 daAuts
     D:2: 1466 daAuts
     D:1: 1424 daAuts
     D:6: 984 daAuts
     D:4: 976 daAuts
     D:3: 760 daAuts
     D:9: 739 daAuts
     D:5: 700 daAuts
     D:8: 647 daAuts
   Sewer: 293 daAuts
  Temple: 246 daAuts
  Lair:1: 217 daAuts
  Lair:2: 93 daAuts
